 Dungeon Crawl Stone Soup version 0.19-a0-474-g1cd1b9d (webtiles) character file.

381900 Ultraviolent4 the Slayer (level 21, -3/192 HPs)
             Began as a Demonspawn Berserker on June 3, 2016.
             Was the Champion of Trog.
             Engulfed by Pyempuim the Cloud Mage's thunder (82 damage)
             ... in a wizard's laboratory on June 4, 2016.
             The game lasted 02:12:58 (45554 turns).

Ultraviolent4 the Slayer (Demonspawn Berserker)    Turns: 45554, Time: 02:12:58

Health: -3/192     AC: 31    Str: 28    XL:     21   Next: 91%
Magic:  21/21      EV: 32    Int:  9    God:    Trog [******]
Gold:   2346       SH: 23    Dex: 25    Spells: 0 memorised, 20 levels left

rFire  + . .     SeeInvis .     a - +9 eveningstar (freeze)
rCold  . . .     Gourm    .     S - +2 chain mail {rF+}
rNeg   . . .     Faith    .     o - +0 large shield
rPois  .         Spirit   .     (helmet unavailable)
rElec  .         Dismiss  .     R - +5 cloak of the Evening Star {*Contam Str+3}
rCorr  .         Reflect  .     W - +2 pair of gloves {Str+3}
SustAt .         Harm     .     j - +0 pair of boots
MR     +++..                    p - amulet of regeneration
Stlth  ..........               k - +3 ring of evasion
                                M - +5 ring of evasion

@: agile, regenerating, extremely resistant to hostile enchantments, extremely
unstealthy
A: claws 1, fangs 1, horns 3, thin metallic scales 2, agile 1, foul stench 2,
powered by pain 3, rot immunity
a: Berserk, Trog's Hand, Brothers in Arms, Burn Spellbooks, Renounce Religion
}: 2/15 runes: barnacled, gossamer


You were in a wizard's laboratory.
You worshipped Trog.
Trog was exalted by your worship.
You were hungry.

You visited 8 branches of the dungeon, and saw 42 of its levels.
You also visited: Labyrinth, Sewer, Ice Cave, Volcano and Wizlab.

You collected 4781 gold pieces.
You spent 2435 gold pieces at shops.

Inventory:

Hand Weapons
 a - a +9 eveningstar of freezing (weapon)
 b - a +3 antimagic demon whip
 f - a +2 eveningstar of crushing
 O - a +1 morningstar of protection
Missiles
 i - 15 throwing nets (quivered) {!f}
Armour
 j - a +0 pair of boots (worn)
 o - a +0 large shield (worn)
 R - the +5 cloak of the Evening Star (worn) {*Contam Str+3}
   (You found it on level 8 of the Lair of Beasts)

   It affects your strength (+3).
   It causes magical contamination when unequipped.
 S - a +2 chain mail of fire resistance (worn)
 W - a +2 pair of gloves of strength (worn)
Jewellery
 k - a +3 ring of evasion (right hand)
 p - an amulet of regeneration (around neck)
 y - an uncursed ring of protection from magic
 G - an uncursed ring of protection from fire
 J - an uncursed ring of poison resistance
 L - an uncursed ring of resist corrosion
 M - a +5 ring of evasion (left hand)
 T - an uncursed ring of protection from cold
Wands
 C - a wand of paralysis (4/24)
 N - a wand of disintegration (6/24)
 V - a wand of lightning (10/15)
Scrolls
 e - 15 scrolls of teleportation {@r4}
 q - 6 scrolls of immolation {!r}
 r - 2 scrolls of blinking
 t - 26 scrolls of remove curse {@r2}
 x - a scroll of magic mapping
 B - 17 scrolls of identify {@r1}
 E - 4 scrolls of recharging
 H - a scroll of silence
 K - 6 scrolls of fog
 P - 5 scrolls of fear
 Z - 6 scrolls of enchant armour
Potions
 d - 8 potions of haste {@q3}
 g - 12 potions of agility
 h - 13 potions of curing {@q1}
 m - 10 potions of flight
 n - 4 potions of invisibility
 s - 4 potions of cure mutation
 u - 3 potions of resistance
 v - 4 potions of heal wounds {@q2}
 w - 3 potions of brilliance
 D - 7 potions of might
 Q - 3 potions of berserk rage
 U - 8 potions of ambrosia
Miscellaneous
 F - a box of beasts
 X - a phial of floods
 Y - a fan of gales
Comestibles
 c - 30 bread rations
 l - 2 royal jellies
 z - 7 meat rations


   Skills:
 * Level 23.0 Fighting
 - Level 12.1 Maces & Flails
 + Level 16.7 Armour
 + Level 13.4 Dodging
 + Level 16.3 Shields


You had 20 spell levels left.
You didn't know any spells.

Dungeon Overview and Level Annotations

Branches:
Dungeon (15/15)            Temple (0/1) D:5            Lair (8/8) D:11
 Shoals (4/4) Lair:5       Spider (4/4) Lair:4        Slime (0/6) Lair:8
    Orc (2/2) D:9             Elf (3/3) Orc:2        Vaults (4/5) D:13
  Crypt (0/3) Vaults:2     Depths (2/5) D:15

Altars:
Ashenzari
Dithmenos
Kikubaaqudgha
Makhleb
Qazlal
Ru
Trog
Vehumet
Xom
Yredelemnul
Zin

Shops:
D:6 !   D:7 (   D:14 (*}}   Orc:2 %(%:   Shoals:1 *[   Shoals:4 =   Vaults:2 (
Vaults:3 (   Vaults:4 !

Portals:
Hell: Depths:1
Abyss: Depths:1
Trove: Elf:3 (give +3 gold dragon armour)

Annotations:
Elf:2 3 runed doors


Innate Abilities, Weirdness & Mutations

You have a pair of large horns on your head.
You are mostly covered in thin metallic scales. (AC +3)
You frequently emit foul miasma when damaged in melee.
You are powered by pain.
You are immune to rotting.
You have sharp fingernails.
You have very sharp teeth.
You are agile. (Dex +2)


Message History

You hear a mighty clap of thunder!
An air elemental comes into view.
Pyempuim waves his arms in wide circles.
The air twists around and strikes you!
* * * LOW HITPOINT WARNING * * *
The insubstantial wisp blinks!
Lightning arcs down from a storm cloud!
You completely miss Pyempuim. Your headbutt misses Pyempuim.
Pyempuim waves his arms in wide circles.
The air twists around and strikes you!
An air elemental comes into view.
You hit Pyempuim. You freeze Pyempuim.
You block the air elemental's attack. x2
Pyempuim hits you but does no damage.
The insubstantial wisp barely misses you.
You block the air elemental's attack. Pyempuim casts a spell at you.
Pyempuim creates a blast of thunder!
Lightning arcs down from a storm cloud! x2
You bludgeon Pyempuim!! You freeze Pyempuim! Your headbutt misses Pyempuim.
You bite Pyempuim, but do no damage.
You are standing in a thunderstorm.
You are struck by lightning!
You die...

≈§§§§▓▓▓▓▓▓▓▓▓▓▓▓▓▓▓▓▓▓▓▓▓▓▓▓▓▓▓▓
≈§§▓▓▓...........................
≈▓▓▓...≈≈≈≈≈≈≈≈≈≈≈†≈≈≈≈≈≈≈≈≈≈≈≈≈≈
▓▓...≈≈≈####################≈≈≈≈≈
▓.[†≈≈≈≈############## ## ###≈≈≈
▓.≈≈≈≈≈≈##§§#§§#§§#..#§§# ###≈
..≈≈≈≈≈≈#§§§§§§§§§...§§§. ##
.≈≈≈≈≈≈≈#§§§§§§§§§..§§§§§ #
.≈≈≈≈≈≈≈#§§§§§§v@E.§§E§§§ #
........'§§§§...@..§§§§§.
.≈≈≈≈≈≈≈#§§§.......§§§§§§ #
.≈≈≈≈≈≈≈#§§§§...§...§§§§§ #
..≈≈≈≈≈≈#§§§§§.§§§§.§§§§§ ##
▓.≈≈≈≈≈≈##§§#§§#§§#§.#.§# ###≈
▓..≈≈≈≈≈############## ## ###≈≈≈
▓▓...≈≈≈####################≈≈≈≈≈
§▓▓▓...≈≈≈≈≈≈≈≈≈≈≈≈≈≈≈≈≈≈≈≈≈≈≈≈≈≈


You could see Pyempuim the Cloud Mage, 2 air elementals and an insubstantial
wisp.

Vanquished Creatures
  Sojobo (Vaults:4)
  Margery (Vaults:3)
  Saint Roka (Vaults:1)
  Xtahua (Vaults:3)
  Arachne (Spider:4)
  2 tentacled monstrosities
  Rupert (Lair:7)
  A titan (Vaults:4)
  The ghost of Loup the Warrior, an adept OgBe of Trog (Orc:2)
  A deep elf master archer (Elf:3)
  2 deep elf blademasters (Elf:3)
  2 fire giants
  2 tengu reavers (Vaults:4)
  Donald (Vaults:4)
  3 frost giants (Depths:1)
  6 deep elf sorcerers (Elf:3)
  5 vault wardens
  An orc warlord (Vaults:4)
  Louise (D:14)
  5 ghost moths
  3 emperor scorpions
  2 spriggan defenders (Depths:1)
  2 deep elf elementalists (Elf:3)
  5 ironheart preservers
  2 very ugly things (Depths:1)
  9 stone giants
  3 deep elf demonologists
  7 deep elf annihilators
  7 spark wasps
  5 deep elf death magi
  4 ettins
  2 blizzard demons (IceCv)
  2 merfolk javelineers (Shoals:4)
  6 vault guards
  A minotaur (Lab)
  3 deep elf high priests (Elf:3)
  6 merfolk impalers
  A fire dragon (Vaults:3)
  Josephine (D:15)
  5 yaktaur captains
  2 entropy weavers
  An ice dragon (Vaults:4)
  Fannar (Lair:1)
  Harold (Lair:2)
  2 spriggan air magi
  5 catoblepae
  5 merfolk avatars
  4 rakshasas
  7 hydras
  Erolcha (D:10)
  10 ogre magi
  8 centaur warriors
  6 merfolk aquamancers
  An alligator snapping turtle (Shoals:4)
  3 deep troll shamans (Depths:1)
  18 dancing weapons
  4 satyrs
  Erica (Orc:1)
  3 tengu warriors
  Urug (Lair:2)
  2 death knights
  10 death yaks
  14 deep elf knights
  3 deep troll earth magi (Depths:1)
  2 large abominations (Elf:3)
  Sonja (Lair:3)
  5 iron trolls (Depths:1)
  Nergalle (Lair:3)
  3 fire crabs
  6 sea snakes
  5 hell knights
  A skeletal warrior (Vaults:2)
  2 flayed ghosts
  The ghost of chequers the Basher, a novice DsFi of Okawaru (D:9)
  A giant orange brain (Depths:1)
  7 deep trolls
  A kraken simulacrum (Shoals:4)
  4 wizards
  A shadow wraith (Vaults:2)
  6 unseen horrors
  The ghost of Senshi the Infuser, a novice HaSk of Okawaru (D:7)
  A hill giant (shapeshifter) (Depths:1)
  16 deep elf archers
  5 hill giants
  A phantasmal warrior (Vaults:4)
  15 orc knights
  24 harpies
  The ghost of alcopop the Zephyrmancer, a novice TeAE (D:8)
  9 ironbrand convokers
  2 necromancers
  35 ugly things
  9 griffons
  8 hornets
  7 cyclopes
  7 fauns
  10 orb spiders
  29 wolf spiders
  9 orc sorcerers
  53 deep elf magi
  2 manticores (Shoals:4)
  3 ice statues
  A moth of wrath (Spider:4)
  Joseph (D:7)
  2 toenail golems (Volcano)
  Psyche (D:8)
  22 elephants
  8 vault sentinels
  A black mamba (shapeshifter) (Vaults:4)
  8 water nymphs
  The ghost of tijit the Ruffian, a novice VSMo of Qazlal (D:5)
  2 octopodes (shapeshifter)
  3 torpor snails
  2 naga magi (D:15)
  6 spiny frogs
  A spiny frog (shapeshifter) (D:10)
  11 sirens
  8 black mambas
  3 kobold demonologists (Vaults:3)
  50 yaktaurs
  A rime drake (Lair:3)
  4 centaur skeletons
  An efreet (D:14)
  6 komodo dragons
  9 demonic crawlers
  A freezing wraith (Vaults:1)
  2 tengu conjurers (Depths:1)
  A polar bear (Lair:8)
  14 ice devils (IceCv)
  18 merfolk
  A wolf spider simulacrum (D:15)
  10 wind drakes
  18 two-headed ogres
  16 trolls
  32 jumping spiders
  A wind drake (shapeshifter) (Vaults:4)
  Grinder (D:6)
  7 boulder beetles
  19 blink frogs
  10 snapping turtles
  19 slime creatures
  32 air elementals (WizLab)
  3 shadows
  30 tarantellas
  2 spriggans
  7 wraiths
  22 water elementals
  A tarantella (shapeshifter) (Vaults:3)
  A centaur simulacrum (D:14)
  83 redbacks
  Grum (D:8)
  A hog (shapeshifter) (Vaults:3)
  6 fire elementals
  58 yaks
  3 hogs (D:14)
  2 humans (shapeshifter)
  A human (D:14)
  3 vampire mosquitoes (Vaults:2)
  3 wyverns
  16 hippogriffs
  2 hungry ghosts (Lab)
  4 mottled dragons
  11 wargs
  A soldier ant (D:13)
  7 insubstantial wisps (WizLab)
  12 water moccasins
  4 sky beasts
  16 porcupines
  3 black bears
  Purgy (Sewer)
  41 orc warriors
  4 phantoms
  3 wasps
  2 ice beasts
  2 eyes of draining
  3 boggarts (Vaults:1)
  2 necrophages
  12 wolves
  82 ogres
  13 crocodiles
  19 centaurs
  6 big kobolds
  25 giant frogs
  2 gnoll sergeants
  2 earth elementals
  A wyvern zombie (D:13)
  5 scorpions
  9 killer bees
  8 wights
  6 howler monkeys
  9 electric eels
  4 crimson imps
  3 human simulacra
  6 centaur zombies
  4 giant frog skeletons
  3 giant frog zombies
  4 lava snakes (Volcano)
  2 two-headed ogre zombies (D:10)
  6 jellies
  23 orc wizards
  6 hounds
  2 gnoll shamans (D:4)
  10 orc priests
  An iron imp (Depths:1)
  Terence (D:3)
  8 iguanas
  5 worker ants
  27 sheep
  A hound zombie (D:6)
  Robin (D:3)
  35 gnolls
  12 adders
  2 howler monkey skeletons
  87 river rats
  4 shadow imps
  8 white imps (IceCv)
  5 ufetubi (IceCv)
  3 oozes
  An adder skeleton (D:5)
  2 adder zombies
  2 worms
  A dart slug (D:4)
  7 giant geckos
  94 orcs
  2 ball pythons
  4 giant cockroaches
  27 goblins
  11 hobgoblins
  22 jackals
  22 kobolds
  7 quokkas
  14 bats
  A giant gecko zombie (D:5)
  4 giant newts
  2 quokka zombies (D:6)
  13 rats
  A fungus (Lair:8)
  A tentacle (Shoals:4)
1947 creatures vanquished.

Vanquished Creatures (collateral kills)
  Nikola (Spider:4)
  An emperor scorpion (Lair:4)
  Wiglaf (Vaults:4)
  2 deep elf elementalists (Elf:3)
  A dire elephant (Lair:5)
  A merfolk impaler (Shoals:4)
  A yaktaur captain (Vaults:4)
  An ogre mage (Vaults:4)
  A merfolk aquamancer (Shoals:4)
  10 death yaks
  An orc knight (Vaults:4)
  2 wolf spiders (Spider:4)
  2 harpies (Vaults:4)
  A manticore (Shoals:4)
  3 orb spiders (Spider:4)
  5 elephants (Lair:5)
  A vault sentinel (Vaults:4)
  3 jumping spiders (Spider:4)
  A merfolk (Shoals:4)
  A two-headed ogre (Vaults:4)
  2 snapping turtles (Shoals:4)
  3 redbacks (Lair:4)
  A tarantella (Lair:4)
  3 yaks (Lair:8)
  A warg (Vaults:4)
  6 wolves (Lair:5)
  An ogre (Vaults:4)
  A crocodile (Lair:8)
  A giant frog (Lair:5)
  An iguana (Lair:5)
  3 orcs (Vaults:4)
63 creatures vanquished.

Vanquished Creatures (others)
  A deep elf high priest (Elf:3)
  A dancing weapon (Elf:3)
  A deep elf mage (Elf:3)
  An orb spider (Spider:4)
  A centaur zombie (D:13)
  A merfolk (Shoals:4)
  A redback (Spider:4)
  A wolf (D:8)
  3 ogres
  A crimson imp (D:13)
  2 orc wizards
  A white imp (IceCv)
  3 ufetubi (IceCv)
  49 fungi
  17 plants
  2 tentacles (Shoals:4)
  35 tentacle segments (Shoals:4)
121 creatures vanquished.

Grand Total: 2131 creatures vanquished

Notes
Turn   | Place    | Note
--------------------------------------------------------------
     0 | D:1      | Ultraviolent4 the Demonspawn Berserker began the quest for the Orb.
     0 | D:1      | Reached XP level 1. HP: 18/18 MP: 1/1
    12 | D:1      | first enemy gnoll
    12 | D:1      | lucky im be lol
    25 | D:1      | Gained mutation: You sometimes gain a little power by taking damage. [demonic ancestry]
    25 | D:1      | Reached XP level 2. HP: 24/24 MP: 2/2
   380 | D:1      | Reached XP level 3. HP: 29/29 MP: 3/3
   495 | D:1      | Reached ** piety under Trog
  1140 | D:2      | Reached XP level 4. HP: 35/35 MP: 4/4
  1874 | D:2      | Reached *** piety under Trog
  1995 | D:3      | Gained mutation: You have a pair of small horns on your head. [demonic ancestry]
  1995 | D:3      | Reached XP level 5. HP: 27/42 MP: 5/5
  2044 | D:3      | Noticed Robin
  2074 | D:2      | Reached skill level 4 in Fighting
  2112 | D:3      | Killed Robin
  2283 | D:3      | Noticed Terence
  2292 | D:3      | Killed Terence
  2549 | D:4      | Gained mutation: You have a pair of horns on your head. [demonic ancestry]
  2549 | D:4      | Reached XP level 6. HP: 48/48 MP: 6/6
  2837 | D:4      | Reached **** piety under Trog
  3892 | D:4      | Found a stormy altar of Qazlal.
  4060 | D:4      | Reached XP level 7. HP: 45/55 MP: 7/7
  4064 | D:4      | Reached skill level 5 in Maces & Flails
  4296 | D:4      | Reached skill level 1 in Shields
  4619 | D:4      | Reached ***** piety under Trog
  4707 | D:5      | Entered Level 5 of the Dungeon
  4783 | D:5      | Reached skill level 5 in Fighting
  4783 | D:5      | Gained mutation: You are immune to rotting. [demonic ancestry]
  4783 | D:5      | Reached XP level 8. HP: 60/62 MP: 8/8
  4915 | D:5      | Found a staircase to the Ecumenical Temple.
  5039 | D:5      | Found a glowing silver altar of Zin.
  5083 | D:5      | Noticed tijit's ghost (novice VSMo)
  5090 | D:5      | Killed tijit's ghost
  5513 | D:6      | Noticed Grinder
  5538 | D:6      | Killed Grinder
  5636 | D:6      | Gained mutation: You may emit foul miasma when damaged in melee. [demonic ancestry]
  5636 | D:6      | Reached XP level 9. HP: 69/69 MP: 9/9
  5648 | D:6      | Reached skill level 6 in Fighting
  5648 | D:6      | Reached skill level 5 in Armour
  5820 | D:6      | Found a glowing drain.
  5829 | Sewer    | Entered a sewer
  5915 | Sewer    | Noticed Purgy
  5919 | Sewer    | Killed Purgy
  6027 | D:6      | Found Tevavvoca's Distillery.
  6030 | D:6      | Bought a potion of heal wounds for 65 gold pieces
  6112 | D:6      | Found a burning altar of Makhleb.
  6646 | D:7      | Noticed Senshi's ghost (novice HaSk)
  6657 | D:7      | Gained mutation: You have a pair of large horns on your head. [demonic ancestry]
  6657 | D:7      | Reached XP level 10. HP: 71/77 MP: 10/10
  6669 | D:7      | Reached skill level 7 in Fighting
  6688 | D:7      | Killed Senshi's ghost
  6739 | D:7      | Noticed Joseph
  6755 | D:7      | Killed Joseph
  6803 | D:7      | Reached skill level 5 in Shields
  6874 | D:7      | Found a sacrificial altar of Ru.
  6998 | D:7      | Found Deom Jelypp's Antique Weapon Shop.
  7188 | D:8      | Noticed Grum
  7203 | D:8      | Noticed Psyche
  7208 | D:8      | Killed Grum
  7236 | D:8      | Killed Psyche
  7257 | D:8      | Received a gift from Trog
  7414 | D:8      | Noticed alcopop's ghost (novice TeAE)
  7426 | D:8      | Killed alcopop's ghost
  8178 | D:9      | Noticed a centaur warrior
  8187 | D:9      | Killed a centaur warrior
  8187 | D:9      | Reached skill level 8 in Fighting
  8187 | D:9      | Reached skill level 10 in Maces & Flails
  8318 | D:9      | Reached XP level 11. HP: 86/86 MP: 3/11
  8464 | D:9      | Noticed chequers's ghost (novice DsFi)
  8473 | D:9      | Killed chequers's ghost
  8763 | D:9      | Found a bloodstained altar of Trog.
  8773 | D:9      | Found a staircase to the Orcish Mines.
  9013 | D:10     | Entered Level 10 of the Dungeon
  9880 | D:10     | Reached skill level 9 in Fighting
  9922 | D:10     | Noticed Erolcha
  9939 | D:10     | Killed Erolcha
 10151 | D:11     | Noticed a hill giant
 10158 | D:11     | Killed a hill giant
 10219 | D:11     | Found a staircase to the Lair.
 10285 | D:11     | Noticed a white ugly thing
 10296 | D:11     | Killed a white ugly thing
 10411 | D:11     | Gained mutation: You are agile. (Dex +2) [potion of mutation]
 10411 | D:11     | Gained mutation: You have sharp fingernails. [potion of mutation]
 10411 | D:11     | Gained mutation: You have very sharp teeth. [potion of mutation]
 10537 | D:11     | Reached XP level 12. HP: 96/96 MP: 4/12
 10555 | D:11     | Received a gift from Trog
 11010 | Lair:1   | Entered Level 1 of the Lair of Beasts
 11482 | Lair:1   | Noticed a five-headed hydra
 11487 | Lair:1   | Killed a five-headed hydra
 11590 | Lair:1   | Noticed Fannar
 11603 | Lair:1   | Killed Fannar
 11698 | Lair:1   | Reached skill level 10 in Fighting
 12370 | Lair:2   | Noticed Harold
 12381 | Lair:2   | Killed Harold
 12476 | Lair:2   | Reached ****** piety under Trog
 12570 | Lair:2   | Noticed Urug
 12582 | Lair:2   | Killed Urug
 13015 | Lair:3   | Reached skill level 11 in Fighting
 13107 | Lair:3   | Noticed Sonja
 13109 | Lair:3   | Noticed Nergalle
 13116 | Lair:3   | Killed Sonja
 13127 | Lair:3   | Killed Nergalle
 13127 | Lair:3   | Reached XP level 13. HP: 106/106 MP: 4/13
 13178 | Lair:3   | You fall through a shaft for 3 floors!
 13339 | Lair:6   | Received a gift from Trog
 13633 | Lair:6   | Reached skill level 10 in Armour
 13901 | Lair:4   | Found a dark tunnel.
 13911 | Volcano  | Entered a volcano
 14059 | Volcano  | Found a shimmering altar of Xom.
 14073 | Volcano  | Reached skill level 12 in Fighting
 14203 | Lair:4   | Received a gift from Trog
 14239 | Lair:4   | Found a hole to the Spider Nest.
 14376 | Lair:3   | Upgraded the game from 0.19-a0-467-g6e97241 to 0.19-a0-472-g4ec9042
 15718 | Lair:5   | Reached skill level 13 in Fighting
 15738 | Lair:5   | Found a staircase to the Shoals.
 15807 | Lair:5   | Received a gift from Trog
 15936 | Lair:5   | Noticed a dire elephant
 15957 | Lair:5   | Killed a dire elephant
 15975 | Lair:5   | Reached XP level 14. HP: 76/118 MP: 4/14
 16014 | Lair:5   | Reached skill level 10 in Shields
 17128 | Lair:7   | Noticed Rupert
 17135 | Lair:7   | Killed Rupert
 17656 | Lair:7   | Reached skill level 14 in Fighting
 17667 | Lair:8   | Entered Level 8 of the Lair of Beasts
 18132 | Lair:8   | Received a gift from Trog
 18420 | Lair:8   | Found a staircase to the Slime Pits.
 18716 | Lair:8   | Reached skill level 15 in Fighting
 18792 | Lair:8   | Received a gift from Trog
 18880 | Lair:8   | Got a faintly glowing cloak
 18891 | Lair:8   | Identified the +5 cloak of the Evening Star {*Contam Str+3} (You found it on level 8 of the Lair of Beasts)
 19261 | Orc:1    | Entered Level 1 of the Orcish Mines
 19261 | Orc:1    | Found a radiant altar of Vehumet.
 19301 | Orc:1    | Gained mutation: You frequently emit foul miasma when damaged in melee. [demonic ancestry]
 19301 | Orc:1    | Reached XP level 15. HP: 97/129 MP: 5/15
 19363 | Orc:1    | Noticed Erica
 19373 | Orc:1    | Killed Erica
 19737 | Orc:2    | Entered Level 2 of the Orcish Mines
 19737 | Orc:2    | Found a staircase to the Elven Halls.
 19753 | Orc:2    | Found Ceocwof's Weapon Boutique.
 20071 | Orc:2    | Received a gift from Trog
 20078 | Orc:2    | Found Kuidghabb's Food Shop.
 20092 | Orc:2    | Found Reostrama's Food Shoppe.
 20110 | Orc:2    | Found Emuges's Book Shop.
 20445 | Orc:2    | Noticed Loup's ghost (adept OgBe)
 20767 | Orc:2    | Killed Loup's ghost
 21302 | D:12     | Reached skill level 16 in Fighting
 22467 | D:13     | Received a gift from Trog
 22568 | D:13     | Reached skill level 5 in Dodging
 22751 | D:13     | Received a gift from Trog
 22774 | D:13     | Found a gate to the Vaults.
 23368 | D:14     | Noticed Louise
 23387 | D:14     | Killed Louise
 23387 | D:14     | Reached XP level 16. HP: 121/139 MP: 5/16
 23427 | D:14     | Found a labyrinth entrance.
 23437 | Lab      | Entered a labyrinth
 23891 | Lab      | Identified the Volume of Mutagenic Combat Magic
 24102 | D:14     | Found Pehipsac's Gadget Emporium.
 24110 | D:14     | Bought a phial of floods for 400 gold pieces
 24135 | D:14     | Found Safur's Assorted Antiques.
 24138 | D:14     | Bought a scroll of teleportation for 102 gold pieces
 24138 | D:14     | Bought 3 scrolls labeled RECHEJ TOTES for 102 gold pieces
 24138 | D:14     | Bought a bubbling yellow potion for 30 gold pieces
 24235 | D:14     | Found Fieq's Gadget Shop.
 24257 | D:14     | Bought a fan of gales for 480 gold pieces
 24332 | D:14     | Found Osilac's Weapon Shoppe.
 24553 | D:15     | Entered Level 15 of the Dungeon
 24666 | D:15     | Reached skill level 17 in Fighting
 24738 | D:15     | Found a staircase to the Depths.
 24974 | D:15     | Noticed Josephine
 24987 | D:15     | Killed Josephine
 25168 | D:15     | Found a shadowy altar of Dithmenos.
 25474 | Spider:1 | Entered Level 1 of the Spider Nest
 25659 | Lair:4   | Received a gift from Trog
 26237 | Spider:1 | Received a gift from Trog
 27360 | Spider:3 | Received a gift from Trog
 27443 | Spider:3 | Gained mutation: You are partially covered in thin metallic scales. (AC +2) [demonic ancestry]
 27443 | Spider:3 | Reached XP level 17. HP: 137/149 MP: 17/17
 27464 | Spider:3 | Reached skill level 18 in Fighting
 28492 | Spider:4 | Entered Level 4 of the Spider Nest
 28659 | Spider:4 | Noticed Arachne
 28689 | Spider:4 | Killed Arachne
 28723 | Spider:4 | Noticed Nikola
 28732 | Spider:4 | Killed Nikola
 29105 | Spider:4 | Received a gift from Trog
 29434 | Spider:4 | Got a gossamer rune of Zot
 29818 | Shoals:1 | Entered Level 1 of the Shoals
 29884 | Shoals:1 | Found Jaggaos's Assorted Antiques.
 29915 | Shoals:1 | Bought a potion of curing for 66 gold pieces
 29915 | Shoals:1 | Bought a potion of haste for 220 gold pieces
 30003 | Shoals:1 | Found Toto's Antique Armour Boutique.
 30012 | Shoals:1 | Bought a runed shield for 130 gold pieces
 30064 | Shoals:1 | Reached skill level 19 in Fighting
 30224 | Shoals:1 | Received a gift from Trog
 30479 | Shoals:2 | Found a frozen archway.
 30497 | IceCv    | Entered an ice cave
 30623 | IceCv    | Gained mutation: You sometimes gain power by taking damage. [demonic ancestry]
 30623 | IceCv    | Reached XP level 18. HP: 160/160 MP: 18/18
 31318 | Shoals:2 | Received a gift from Trog
 31644 | Shoals:2 | Got a jewelled leather armour
 32456 | Shoals:4 | Entered Level 4 of the Shoals
 32485 | Shoals:4 | Received a gift from Trog
 32732 | Shoals:4 | Got a barnacled rune of Zot
 32751 | Shoals:4 | Found Oresaut's Jewellery Shoppe.
 32805 | Shoals:4 | Reached skill level 10 in Dodging
 33000 | Shoals:4 | Received a gift from Trog
 33816 | Vaults:1 | Entered Level 1 of the Vaults
 33996 | Vaults:1 | Received a gift from Trog
 34016 | Vaults:1 | Noticed Saint Roka
 34041 | Vaults:1 | Killed Saint Roka
 34044 | Vaults:1 | Reached skill level 20 in Fighting
 34776 | Vaults:1 | Reached XP level 19. HP: 169/169 MP: 19/19
 34782 | Vaults:1 | Received a gift from Trog
 35066 | Vaults:2 | Found a staircase to the Crypt.
 35066 | Vaults:2 | Found a basalt altar of Yredelemnul.
 35067 | Vaults:2 | Found an ancient bone altar of Kikubaaqudgha.
 35734 | Vaults:2 | Received a gift from Trog
 35754 | Vaults:2 | Got a polished mace {god gift}
 35755 | Vaults:2 | Identified the +9 mace of Noon {venom, *Drain Int+2 Stlth+} (Trog gifted it to you on level 2 of the Vaults)
 35905 | Vaults:2 | Reached skill level 15 in Armour
 35987 | Vaults:2 | Found Nakaq's Antique Weapon Boutique.
 36027 | Vaults:3 | Found Latozas's Antique Weapon Shoppe.
 36330 | Vaults:3 | Noticed Margery
 36345 | Vaults:3 | Killed Margery
 36617 | Vaults:3 | Noticed a golden dragon
 36865 | Vaults:3 | Received a gift from Trog
 36901 | Vaults:3 | Noticed Xtahua
 36918 | Vaults:3 | Killed Xtahua
 37185 | Vaults:3 | Reached skill level 15 in Shields
 37730 | Vaults:4 | Reached skill level 21 in Fighting
 37757 | Vaults:4 | Noticed Sojobo
 38050 | Vaults:4 | Killed Sojobo
 38050 | Vaults:4 | Gained mutation: You are mostly covered in thin metallic scales. (AC +3) [demonic ancestry]
 38050 | Vaults:4 | Reached XP level 20. HP: 151/180 MP: 6/20
 38085 | Vaults:4 | Noticed Donald
 38092 | Vaults:4 | Killed Donald
 38280 | Vaults:4 | Received a gift from Trog
 38979 | Vaults:4 | Found Uniohip's Distillery.
 38985 | Vaults:4 | Bought a potion of heal wounds for 60 gold pieces
 38985 | Vaults:4 | Bought a potion of resistance for 120 gold pieces
 38985 | Vaults:4 | Bought a potion of resistance for 120 gold pieces
 38985 | Vaults:4 | Bought a potion of haste for 120 gold pieces
 38985 | Vaults:4 | Bought a potion of cure mutation for 300 gold pieces
 38985 | Vaults:4 | Bought a potion of curing for 36 gold pieces
 38985 | Vaults:4 | Bought a potion of curing for 36 gold pieces
 38985 | Vaults:4 | Bought a potion of might for 48 gold pieces
 38989 | Vaults:4 | Noticed Wiglaf
 39023 | Vaults:4 | Killed Wiglaf
 39043 | Vaults:4 | Received a gift from Trog
 39117 | Vaults:4 | Found a shimmering altar of Xom.
 39997 | Elf:1    | Entered Level 1 of the Elven Halls
 40325 | Elf:1    | Identified the Incunabulum of Attacks
 40367 | Elf:1    | Received a gift from Trog
 40496 | Elf:1    | Received a gift from Trog
 41063 | Elf:2    | Found a runed gate.
 41064 | Elf:2    | Found a runed gate.
 41065 | Elf:2    | Found a runed gate.
 41367 | Elf:2    | Upgraded the game from 0.19-a0-472-g4ec9042 to 0.19-a0-474-g1cd1b9d
 41647 | Elf:3    | Entered Level 3 of the Elven Halls
 41900 | Elf:3    | Identified a scroll of acquirement
 41916 | Elf:3    | Got a pair of heavily runed gloves
 41927 | Elf:3    | Identified the +1 pair of gloves of Pantheism {-Tele rPois rCorr SInv} (You acquired it on level 3 of the Elven Halls)
 42045 | Elf:3    | Reached skill level 22 in Fighting
 42066 | Elf:3    | Found a portal to a secret trove of treasure.
 42455 | Elf:3    | Received a gift from Trog
 42568 | Elf:3    | Gained mutation: You are powered by pain. [demonic ancestry]
 42568 | Elf:3    | Reached XP level 21. HP: 150/189 MP: 21/21
 43248 | Elf:3    | Got a wavering emerald amulet
 43421 | Elf:3    | Identified the amulet of Miracles {Reflect rPois Str+3 Dex-5 SH+6} (You took it off a deep elf high priest on level 3 of the Elven Halls)
 43778 | Depths:1 | Entered Level 1 of the Depths
 43795 | Depths:1 | Received a gift from Trog
 44479 | Depths:1 | Received a gift from Trog
 44590 | Depths:1 | Found a gateway to Hell.
 44834 | Depths:1 | Found a one-way gate to the infinite horrors of the Abyss.
 44946 | Depths:1 | Found a shattered altar of Ashenzari.
 45035 | Depths:1 | Found a runed door.
 45130 | Depths:1 | Got a jewelled morningstar
 45131 | Depths:1 | Identified the +8 morningstar of Bamp {flame, rF+ Str+3} (You found it on level 1 of the Depths)
 45207 | Depths:2 | Found a magical portal.
 45221 | WizLab   | Entered The Chambers of the Cloud Mage
 45458 | WizLab   | Reached skill level 23 in Fighting
 45554 | WizLab   | Engulfed by Pyempuim the Cloud Mage's thunder

Vault maps used:
D:1:      dpeg_arrival_radiant
D:2:      kennysheep_the_goblin_king
D:3:      uniq_terence, uniq_robin
D:4:      lemuel_castle_with_subvaults, grunt_qazlal_sundering
D:5:      zin_academy, minmay_temple_entry_large_hall, first_bread,
          small_statue_intersection
D:6:      kennysheep_little_box, portal_sewer_entry_d, serial_shops,
          nicolae_shop_behind_doors, uniq_grinder
D:7:      overflow_temple_1_default, serial_shops, nicolae_shop_behind_doors,
          uniq_joseph
D:8:      uniq_psyche, uniq_grum
D:9:      nicolae_overflow_hidden_temple, kennysheep_orc_monster_closet_entryway
D:10:     lemuel_ogre_cave, minmay_liquid_box
D:11:     due_lair_maze_entry_diamond
D:13:     lightli_vaults_fourway_checkpoint
D:14:     minmay_cut_squares, infiniplex_staircase_diamond, lab_entry_generic,
          serial_shops, nicolae_shop_crystal, shop, shop, kennysheep_mini,
          grunt_livestock, uniq_louise
D:15:     grunt_enter_depths_magical_seal, grunt_dithmenos_shadows,
          uniq_josephine
Lair:1:   uniq_fannar
Lair:2:   statuecave_lemuel, lemuel_fruit_fields, grunt_megastairs_1,
          uniq_harold, uniq_urug
Lair:3:   grunt_megastairs_5, uniq_nergalle, uniq_sonja
Lair:4:   dummy_spider_entry, lightli_volcano_entry_magma_tube, st_stairs_5,
          small_statue_intersection, beast_lair_carwin_9
Lair:5:   mu_elephants_graveyard, shoals_dummy_entry, wad_woods_road_03,
          uniq_rupert
Lair:6:   grunt_megastairs_4
Lair:7:   serial_bayou_pond_b
Lair:8:   evilmike_catoblepas_cave, dpeg_slime_entry_corner
Shoals:1: serial_shops, nicolae_shop_crystal, shop_fountains
Shoals:2: portal_ice_cave_entry_ice_statue_one
Shoals:4: shoals_end_grunt_ice, shoal_ilsuiw, serial_shops, shop
Spider:1: spider_trap
Spider:4: grunt_spider_rune_parallel, uniq_arachne, uniq_nikola
Orc:1:    basic_altar, uniq_erica
Orc:2:    st_orc_open
Elf:1:    elf_arrival_001, minmay_elf_annihilation
Elf:3:    minmay_elf_hall_dome, enter_trove_6, spider_trap, minivault_11
Vaults:1: hangedman_vaults_cutoff, ontoclasm_vaults_ligature,
          ontoclasm_vaults_claustrophobia, vaults_room_hallway,
          ontoclasm_vaults_spin, ontoclasm_vaults_twist,
          ontoclasm_vaults_gateway, vaults_room_fours, uniq_saint_roka
Vaults:2: grunt_vaults_swirl, grunt_vaults_funnel, v_rooms_6,
          grunt_vaults_trifunnel, vaults_dpeg_encased_lava,
          hangedman_vaults_restitches, minmay_crypt_entry_necro_gods,
          nicolae_vaults_little_squares_1, v_misc_3,
          nicolae_vaults_back_hallway, nicolae_vaults_little_ls,
          ontoclasm_vaults_fire_temple, serial_shops, nicolae_shop_stone
Vaults:3: vaults_standard_mumra_enter_the_diamond, hangedman_vaults_hat,
          nicolae_vaults_yaktaur_gun_rack, vaults_room_ringed_pool, v_misc_27,
          nicolae_vaults_three_branches, vaults_dpeg_hooks,
          nicolae_vaults_specimen_jars, ontoclasm_vaults_decontamination,
          serial_shops, shop, uniq_xtahua, uniq_margery
Vaults:4: vaults_room_semicircle, vaults_mumra_lcd, v_misc_28,
          nicolae_vaults_network_quinsquares, hangedman_vaults_trim,
          hangedman_vaults_slice, v_misc_10, hangedman_vaults_restitches,
          v_misc_24, vaults_mumra_chevron_long, v_alt_pattern_1,
          nicolae_vaults_little_squares_4, st_cross, serial_shops, shop,
          basic_altar, uniq_sojobo, uniq_donald, uniq_wiglaf
Depths:1: ashenzari_altar_1, grunt_hell_entry_dis_grunt,
          hangedman_abyss_entry_splay, minmay_misc_feat_alley, hex_large,
          minmay_misc_feat_enclosed, hangedman_abyss_or_decor_clamps,
          kennysheep_treasure_room
Depths:2: kennysheep_large_spiral, hell_entry, minmay_misc_feat_tiny,
          infiniplex_enter_wizlab_water, roderic_lattice_octagonal_star,
          infiniplex_staircase_zigzag_1, uniq_asterion
Lab:      nicolae_lab_checkerboard, nicolae_lab_lava, nicolae_lab_do_over,
          nicolae_lab_flowing_pool, nicolae_lab_hexagon, labyrinth_fake_exit
Sewer:    kennysheep_door_sewer
IceCv:    ice_cave_small_demon
Volcano:  volcano_grotto
WizLab:   wizlab_cloud

Skill      XL: |  1  2  3  4  5  6  7  8  9 10 11 12 13 14 15 16 17 18 19 20 21 |
---------------+----------------------------------------------------------------+-----
Armour         | 2 3 4 6 7 8 9 10 11 12 13 14 15 16 | 16.7
Dodging        | 2 3 4 5 7 9 10 11 12 13 | 13.4
Maces & Flails | 3 4 5 7 8 10 11 12 | 12.1
Fighting       | 4 5 6 8 9 11 13 15 16 17 19 20 21 22 23 | 23.0
Shields        | 1 3 4 5 7 8 9 11 12 13 14 15 16 | 16.3

Action                   |  1- 3 |  4- 6 |  7- 9 | 10-12 | 13-15 | 16-18 | 19-21 || total
-------------------------+-------+-------+-------+-------+-------+-------+-------++-------
Melee: Mace              |   116 |   318 |   453 |   114 |       |       |       ||  1001
       Headbutt          |       |    41 |   111 |   240 |   575 |   470 |   510 ||  1947
       Demon whip        |       |       |       |   966 |  1157 |     8 |    44 ||  2175
       Bite              |       |       |       |    66 |   353 |   253 |   273 ||   945
       Eveningstar       |       |       |       |       |   567 |  1574 |  1612 ||  3753
Throw: Throwing net      |       |       |       |     1 |       |       |       ||     1
Invok: Berserk           |     3 |     5 |     6 |    11 |     3 |       |     2 ||    30
       Trog's Hand       |       |     8 |     5 |     9 |    12 |    13 |    14 ||    61
       Burn Spellbooks   |       |       |       |     2 |     4 |    11 |     5 ||    22
       Brothers in Arms  |       |       |       |       |     5 |     6 |     4 ||    15
Evoke: Wand              |       |       |       |     6 |     8 |     4 |     3 ||    21
  Use: Scroll            |       |    13 |     7 |     4 |     8 |    21 |     8 ||    61
       Potion            |       |       |     1 |     3 |     1 |     8 |     4 ||    17
 Stab: Invisible         |       |       |       |     1 |       |     7 |       ||     8
       Paralysed         |       |       |       |     4 |       |       |       ||     4
       Petrified         |       |       |       |       |     4 |       |       ||     4
       Distracted        |       |       |       |       |       |       |     2 ||     2
  Eat: Chunk             |     3 |    15 |     7 |    24 |    28 |    13 |    23 ||   113
       Meat ration       |       |     1 |     1 |       |     2 |     4 |       ||     8
       Fruit             |       |       |     4 |       |     6 |     8 |    11 ||    29
       Royal jelly       |       |       |     1 |     2 |       |     1 |       ||     4
       Beef jerky        |       |       |       |     3 |       |     4 |     3 ||    10
       Pizza             |       |       |       |     1 |       |     1 |     7 ||     9
Armor: Animal skin       |     3 |       |       |       |       |       |       ||     3
       Scale mail        |    61 |     2 |       |       |       |       |       ||    63
       Chain mail        |       |   273 |   144 |       |   391 |   655 |   398 ||  1861
       Plate armour      |       |       |   158 |   287 |    37 |       |       ||   482
Dodge: Dodged            |    98 |   212 |   129 |   266 |   707 |  1024 |  1045 ||  3481
Block: Shield            |       |     4 |   248 |   340 |   809 |       |       ||  1401
       Large shield      |       |       |       |       |    51 |  1958 |  1849 ||  3858
